 Dungeon Crawl Stone Soup version 0.24-a0-521-g122614bf49 (webtiles) character file.

Game seed: 17516555844341586857

125 Folque001 the Covert (level 4, -1/26 HPs)
             Began as a Vampire Assassin on July 30, 2019.
             Killed from afar by a dart slug (6 damage)
             ... with a slug dart
             ... on level 2 of the Dungeon.
             The game lasted 00:07:00 (1387 turns).

Folque001 the Covert (Vampire Assassin)             Turns: 1387, Time: 00:07:01

Health: -1/26      AC:  3    Str: 10    XL:     4   Next: 82%
Magic:  4/4        EV: 12    Int: 13    God:
Gold:   65         SH:  0    Dex: 16    Spells: 3/3 levels left

rFire    . . .     SeeInvis +   a - +2 dagger
rCold    + + .     Gourm    .   (no shield)
rNeg     + + +     Faith    .   b - +0 robe
rPois    ∞         Spirit   .   (no helmet)
rElec    .         Reflect  .   c - +0 cloak
rCorr    .         Harm     .   (no gloves)
MR       .....                  (no boots)
Stlth    ++++++....             (no amulet)
HPRegen  0.00/turn              (no ring)
MPRegen  0.09/turn              (no ring)

@: bloodless, regenerating quickly
A: no food, fangs 3, see invisible, unbreathing
a: Bat Form, Revivify


You were on level 2 of the Dungeon.
You were bloodless.

You visited 1 branch of the dungeon, and saw 2 of its levels.

You collected 65 gold pieces.

Inventory:

Hand Weapons
 a - a +2 dagger (weapon)
Missiles
 d - 6 poisoned darts (quivered)
Armour
 b - a +0 robe (worn)
 c - a +0 cloak (worn)
Scrolls
 f - 2 scrolls of remove curse {unknown}
 g - a scroll of magic mapping {unknown}
 h - a scroll of enchant weapon {unknown}
 i - 2 scrolls of teleportation {unknown}
 j - 2 scrolls of noise {unknown}
 l - a scroll of identify {unknown}


   Skills:
 - Level 1.7 Fighting
 + Level 3.6 Short Blades
 - Level 1.5 Throwing
 - Level 1.1 Dodging
 * Level 8.5 Stealth


You had 3 spell levels left.
You didn't know any spells.
Your spell library was empty.

Dungeon Overview and Level Annotations

Branches:
Dungeon (2/15)

Altars:


Innate Abilities, Weirdness & Mutations

You do not eat.
You do not regenerate when monsters are visible.
You are frail without blood (-20% HP).
You are immune to poison.
You have razor-sharp teeth.
You have supernaturally acute eyesight. (SInv)
You can survive without breathing.


Message History

The gnoll closely misses you. Natasha claws you but does no damage.
The goblin closely misses you.
You hit Natasha.
Natasha is almost dead.
You kill Natasha!
Natasha screams in pain as she dies!
The crimson imp disappears in a puff of smoke!
The gnoll hits you from afar with a +0 spear.
* * * LOW HITPOINT WARNING * * *
The goblin hits you.
* * * LOW HITPOINT WARNING * * *
You are starting to lose your buoyancy.
You see here a +0 club.
You float gracefully downwards.
You see here a chain mail.
A dart slug comes into view.
The dart slug moves out of view.
The dart slug launches a dart at you. The slug dart hits you.
You die...

.........####.#.#.##..
.............#...#....
........##.####.##.###
.....####......##..#
..##.# #.........(# #
#.# #....#....## # #%#
##.#.#....# #
#.#####)#'#[...# #
#.@g...g.......# #
#<........[....# #
##..........#### #
#..w.......#
#..........#
#..........#
#..........#
#..........#
#..........#


You could see a gnoll, a dart slug and a goblin.

Vanquished Creatures
  Natasha (twice) (D:2)
  A gnoll (D:2)
  2 adders (D:2)
  An ooze (D:2)
  2 worms (D:2)
  A leopard gecko (D:1)
  7 bats
  4 goblins (D:2)
  3 hobgoblins
  3 frilled lizards
  6 kobolds
  8 rats
40 creatures vanquished.

Notes
Turn   | Place    | Note
-------+----------+-------------------------------------------
     0 | D:1      | Folque001 the Vampire Assassin began the quest for the Orb.
     0 | D:1      | Reached XP level 1. HP: 16/16 MP: 1/1
    41 | D:1      | Reached skill level 6 in Stealth
   196 | D:1      | Reached XP level 2. HP: 21/22 MP: 2/2
   712 | D:2      | Reached skill level 7 in Stealth
   712 | D:2      | Reached XP level 3. HP: 19/21 MP: 3/3
   958 | D:2      | Noticed Natasha
   973 | D:2      | Killed Natasha
  1186 | D:2      | Reached XP level 4. HP: 20/26 MP: 4/4
  1216 | D:2      | Reached skill level 8 in Stealth
  1333 | D:2      | Noticed Natasha
  1352 | D:2      | Killed Natasha
  1387 | D:2      | Killed from afar by a dart slug

Levels and vault maps discovered:
D:1:      wander_arrival_lonely_grave, layout_loops_ring
D:2:      layout_basic, marbit_many_paths, minmay_pentomino_pile, uniq_natasha

Skill      XL: |  1  2  3  4 |
---------------+-------------+-----
Stealth        | 6 7 8 |  8.5
Short Blades   | 3 |  3.6
Fighting       | |  1.7
Throwing       | |  1.5
Dodging        | |  1.1

Action                   |  1- 3 |  4- 6 || total
-------------------------+-------+-------++-------
Melee: Dagger            |    73 |    20 ||    93
       Bite              |     2 |     1 ||     3
Throw: Dart              |     4 |     4 ||     8
 Abil: Exsanguinate      |     1 |       ||     1
  Use: Potion            |       |     1 ||     1
 Stab: Sleeping          |     9 |     3 ||    12
Armor: Robe              |    20 |     3 ||    23
Dodge: Dodged            |    37 |    11 ||    48

Table legend:
 A = Non-vault XP
 B = Vault XP
 C = Vault XP percentage of total XP
 D = Non-vault monster count
 E = Vault monster count
 F = Vault count percentage of total count
                 A         B        C        D         E       F
            +---------+---------+-------+---------+---------+-------
      Total |     122 |      57 |  31.8 |      33 |       7 |  17.5
            +---------+---------+-------+---------+---------+-------
        D:1 |      25 |       0 |   0.0 |      16 |       0 |   0.0
        D:2 |      97 |      57 |  37.0 |      17 |       7 |  29.2
            +---------+---------+-------+---------+---------+-------
